 Dungeon Crawl Stone Soup version 0.31-a0-202-g547052bce9 (webtiles) character file.

Game seed: 13226744106691585872

316 qw the Skirmisher (level 6, -6/35 HPs)
             Began as a Deep Elf Hunter on June 26, 2023.
             Killed by divine providence
             ... invoked by an orc priest
              (10 damage)
             ... on level 3 of the Dungeon.
             The game lasted 00:00:50 (1934 turns).

qw the Skirmisher (Deep Elf Hunter)                 Turns: 1934, Time: 00:00:51

Health: -6/35      AC:  7    Str: 10    XL:     6   Next: 20%
Magic:  8/8        EV: 11    Int: 14    God:
Gold:   153        SH:  0    Dex: 18    Spells: 5/5 levels left

rFire   . . .        Y - +0 shortbow
rCold   . . .        (shield currently unavailable)
rNeg    . . .        a - +0 ring mail
rPois   .            (no helmet)
rElec   .            (no cloak)
rCorr   .            b - +0 pair of gloves
SInv    +            j - +0 pair of boots
Will    .....        (no amulet)
Stlth   +            i - ring of see invisible
HPRegen 0.25/turn    (no ring)
MPRegen 0.11/turn

%: no passive effects
@: about to teleport
A: no striking features
a: no special abilities


You were on level 3 of the Dungeon.
You visited 1 branch of the dungeon, and saw 3 of its levels.

You collected 153 gold pieces.


   Skills:
 - Level 2.2 Fighting
 - Level 9.2 Ranged Weapons
 + Level 0.0 Armour
 - Level 3.3 Dodging
 - Level 1.2 Stealth


You had 5 spell levels left.
You didn't know any spells.
Your spell library was empty.

Inventory:

Hand Weapons
 Y - a +0 shortbow (weapon)
Armour
 a - a +0 ring mail (worn)
 b - a +0 pair of gloves (worn)
 j - a +0 pair of boots (worn)
Jewellery
 i - a ring of see invisible (left hand)
Scrolls
 d - a scroll of identify
Potions
 g - a potion of brilliance {unknown}
 h - a potion of might {unknown}
 k - a potion of lignification {unknown}
 l - a potion of berserk rage {unknown}

Dungeon Overview and Level Annotations

Branches:
Dungeon (3/15)

Altars:
Sif Muna

Annotations:
D:2 1 runed translucent door, Crazy Yiuf


Message History

The orc wizard points at you and mumbles some strange words.
The puff of flame hits you but does no damage.
The orc priest hits you but does no damage.
You shoot an arrow. The arrow hits the orc wizard!
You kill the orc wizard!
The orc priest hits you with a +0 short sword.
Your Fighting skill increases to level 2!
You shoot an arrow.
The arrow hits the orc priest but does no damage.
The orc priest barely misses you.
You shoot an arrow.
The arrow hits the orc priest but does no damage.
The orc priest calls down the wrath of Beogh upon you.
Beogh smites you!
You shoot an arrow. The arrow hits the orc priest.
The orc priest is lightly wounded.
The orc priest closely misses you.
The orc priest hits you but does no damage.
You shoot an arrow. The arrow hits the orc priest!
The orc priest is heavily wounded.
The orc priest invokes the aid of Beogh against you.
Pain shoots through your body!
1931 ||| READING scroll of teleportation.
As you read the scroll of teleportation, it crumbles to dust.
You feel strangely unstable. The orc priest misses you.
You shoot an arrow.
The arrow hits the orc priest but does no damage.
The orc priest is heavily wounded.
The orc priest hits you but does no damage.
You shoot an arrow.
The arrow hits the orc priest but does no damage.
The orc priest is heavily wounded.
The orc priest barely misses you.
You shoot an arrow.
The arrow hits the orc priest but does no damage.
The orc priest is heavily wounded.
The orc priest calls down the wrath of Beogh upon you.
Beogh smites you!
You die...

#.%.......# #
###.......##.#
#..........#
#.......##. .
#.......##).
...#####%.......
.........#####..
........)#####...
.........@)......
.........o.....##
##............#..
#........).)....
#........###.###
#........# ...
#........# ###
#.######.#


You could see an orc priest.

Vanquished Creatures
  Sigmund (D:2)
  Jessica (D:2)
  An orc wizard (D:3)
  3 adders
  A worm (D:2)
  4 dart slugs
  2 orcs (D:3)
  6 bats
  6 endoplasms
  5 giant cockroaches
  6 goblins
  4 hobgoblins
  8 kobolds
  5 ball pythons
  A frilled lizard (D:1)
  3 rats
57 creatures vanquished.

Notes
Turn   | Place    | Note
-------+----------+-------------------------------------------
     0 | D:1      | qw the Deep Elf Hunter began the quest for the Orb.
     0 | D:1      | Reached XP level 1. HP: 12/12 MP: 3/3
     0 | D:1      | 0 ||| qw: Version: 0.3-a-22-g0ed2b0b
     0 | D:1      | 0 ||| qw: Game counter: 5916
     0 | D:1      | 0 ||| qw: Melee chars always use a shield: true
     0 | D:1      | 0 ||| qw: God list: Okawaru
     0 | D:1      | 0 ||| qw: Allow faded altars: false
     0 | D:1      | 0 ||| qw: Do Orc after clearing Dungeon:15 true
     0 | D:1      | 0 ||| qw: Do second Lair branch before Depths: true
     0 | D:1      | 0 ||| qw: Lair rune preference: random
     0 | D:1      | 0 ||| qw: Goals: Normal
     0 | D:1      | 0 ||| PLANNING D:1-11
    81 | D:1      | Reached XP level 2. HP: 16/16 MP: 4/4
    92 | D:1      | Reached skill level 6 in Ranged Weapons
   101 | D:1      | You fall into a shaft and drop 1 floor!
   106 | D:2      | 106 ||| READING scroll labelled BEOFUDGH NIENKU.
   107 | D:2      | 107 ||| READING scroll labelled USSASE GER.
   108 | D:2      | 108 ||| DROPPING scroll of butterflies.
   114 | D:2      | Found a shimmering blue altar of Sif Muna.
   400 | D:1      | Reached XP level 3. HP: 20/20 MP: 5/5
   612 | D:1      | 612 ||| UPGRADING to +0 pair of gloves.
   617 | D:1      | 617 ||| READING scroll labelled BAM OCAMPEAZUL.
   718 | D:1      | 718 ||| READING scroll labelled SELYOV CIOFU VIPS.
   719 | D:1      | 719 ||| READING 2 scrolls of identify.
   719 | D:1      | 719 ||| IDENTIFYING emerald potion
   720 | D:1      | 720 ||| DROPPING potion of degeneration.
   942 | D:2      | HP: 5/20 [adder (4)]
   944 | D:2      | Reached skill level 7 in Ranged Weapons
   946 | D:2      | HP: 2/20 [poisoned by an adder]
  1048 | D:2      | Noticed Sigmund
  1057 | D:2      | Killed Sigmund
  1058 | D:2      | Reached skill level 9 in Ranged Weapons
  1058 | D:2      | Reached XP level 4. HP: 13/25 MP: 6/6
  1058 | D:2      | Reached XP level 5. HP: 16/29 MP: 7/7
  1072 | D:2      | 1072 ||| FLEEEEING.
  1233 | D:2      | Noticed Jessica
  1236 | D:2      | Killed Jessica
  1237 | D:2      | Reached skill level 3 in Dodging
  1311 | D:2      | Found a runed translucent door.
  1312 | D:2      | Noticed Crazy Yiuf
  1436 | D:2      | Reached XP level 6. HP: 34/34 MP: 8/8
  1593 | D:2      | 1593 ||| UPGRADING to +0 ring mail.
  1603 | D:2      | 1603 ||| DROPPING +0 leather armour.
  1604 | D:2      | 1604 ||| UPGRADING to +0 pair of boots.
  1609 | D:2      | 1609 ||| UPGRADING to ring of see invisible.
  1610 | D:2      | 1610 ||| DROPPING ring of flight.
  1611 | D:2      | 1611 ||| READING scroll labelled QIOLUI XAER.
  1612 | D:2      | 1612 ||| READING scroll labelled MUUPOFOTIO.
  1930 | D:3      | HP: 2/35 [orc priest/nerve-wracking pain (11)]
  1931 | D:3      | 1931 ||| READING scroll of teleportation.
  1934 | D:3      | Killed from afar by an orc priest

Levels and vault maps discovered:
D:1:      amcnicky_arrival_feature_with_door, layout_loops_ring
D:2:      cheibrodos_old_hovel, layout_loops_ring, basic_altar,
          minmay_distorted, uniq_crazy_yiuf_cottage, uniq_sigmund, uniq_jessica
D:3:      layout_basic

Skill      XL: |  1  2  3  4  5  6 |
---------------+-------------------+-----
Ranged Weapons | 6 9 |  9.2
Dodging        | 3 |  3.3
Fighting       | 2 |  2.2
Stealth        | |  1.2

Action                     |  1- 3 |  4- 6 || total
---------------------------+-------+-------++-------
   Fire: Shortbow          |    96 |    97 ||   193
    Use: Scroll            |     5 |     3 ||     8
 Armour: Leather armour    |    12 |       ||    12
         Ring mail         |       |    18 ||    18
  Dodge: Dodged            |    21 |    24 ||    45

Table legend:
 A = Non-vault XP
 B = Vault XP
 C = Vault XP percentage of total XP
 D = Non-vault monster count
 E = Vault monster count
 F = Vault count percentage of total count
                 A         B        C        D         E       F
            +---------+---------+-------+---------+---------+-------
      Total |     159 |     293 |  64.8 |      52 |       5 |   8.8
            +---------+---------+-------+---------+---------+-------
        D:1 |      48 |       0 |   0.0 |      24 |       0 |   0.0
        D:2 |      39 |     293 |  88.3 |      15 |       5 |  25.0
        D:3 |      72 |       0 |   0.0 |      13 |       0 |   0.0
            +---------+---------+-------+---------+---------+-------
